 Dungeon Crawl Stone Soup version 0.22.1-2-g9c5b331383 (webtiles) character file.

424 Rediskos the Covered (level 6, -9/35 HPs)
             Began as a Gargoyle Fighter on Dec 31, 2018.
             Was a Follower of Hepliaklqana.
             Killed by divine providence
             ... invoked by an orc priest
              (11 damage)
             ... on level 4 of the Dungeon.
             The game lasted 00:08:08 (3292 turns).

Rediskos the Covered (Gargoyle Fighter)             Turns: 3292, Time: 00:08:09

Health: -9/35      AC: 15    Str: 19 (22) XL:     6   Next: 96%
Magic:  6/6        EV:  7    Int:  7 (8)  God:    Hepliaklqana [*.....]
Gold:   139        SH:  9    Dex:  7 (9)  Spells: 5/5 levels left

rFire    + . .     SeeInvis .   a - +0 flail
rCold    + . .     Gourm    .   c - +0 shield
rNeg     + . .     Faith    .   b - +0 scale mail
rPois    ∞         Spirit   .   e - +0 helmet
rElec    +         Reflect  .   j - +0 cloak
rCorr    +         Harm     .   (no gloves)
MR       .....                  s - +0 pair of boots
Stlth    ..........             (no amulet)
HPRegen  0.11/turn              (no ring)
MPRegen  0.10/turn              (no ring)

@: resistant
A: reduced essence, negative energy resistance 1, electricity resistance,
unbreathing, petrification resistance, rot immunity, AC +4
a: Recall Ancestor, Ancestor Identity, Renounce Religion


You were on level 4 of the Dungeon.
You worshipped Hepliaklqana.
Hepliaklqana was aware of your devotion.
You were not hungry.

You visited 1 branch of the dungeon, and saw 4 of its levels.

You collected 139 gold pieces.

Inventory:

Hand Weapons
 a - a +0 flail (weapon)
Armour
 b - a +0 scale mail (worn)
 c - a +0 shield (worn)
 e - a +0 helmet (worn)
 j - a +0 cloak (worn)
 s - a +0 pair of boots (worn)
Jewellery
 m - a cursed -2 ring of slaying {unknown}
Wands
 o - a wand of digging (13)
Scrolls
 g - a scroll of fear {unknown}
 i - 3 scrolls of identify {unknown}
 l - 2 scrolls of remove curse {unknown}
 n - a scroll of fog {unknown}
 p - a scroll of random uselessness {unknown}
 q - a scroll of enchant weapon {unknown}
 v - a scroll of enchant armour {unknown}
Potions
 d - 2 potions of might
 k - a potion of degeneration
 u - a potion of lignification {unknown}
Comestibles
 f - 8 rations
 t - 6 chunks of flesh


   Skills:
 + Level 4.7 Fighting
 * Level 4.7 Maces & Flails
 + Level 4.7 Armour
 + Level 4.7 Shields


You had 5 spell levels left.
You didn't know any spells.
Your spell library was empty.

Dungeon Overview and Level Annotations

Branches:
Dungeon (4/15)
 Temple: D:4-7

Altars:
Ashenzari
Dithmenos
Elyvilon
Gozag
Hepliaklqana
Ru
Vehumet
The Shining One


Innate Abilities, Weirdness & Mutations

You are resistant to torment.
Your stone body is resilient. (AC +4)
You are immune to poison.
You resist negative energy. (rN+)
You are resistant to electric shocks. (rElec)
You can survive without breathing.
You are immune to petrification.
You are immune to rotting.
Your life essence is reduced to manifest your ancestor. (-10% HP)


Message History

You block the orc priest's attack.
The orc wizard gestures wildly while chanting.
The orc wizard blinks!
Things that are here:
a mace; an orc corpse You thump the orc priest!
The orc priest is severely wounded.
The orc priest closely misses you.
The orc priest hits you but does no damage.
You closely miss the orc priest.
The orc priest is heavily wounded.
The orc priest hits you with a hand axe.
* * * LOW HITPOINT WARNING * * *
The orc wizard hits you but does no damage.
The orc priest barely misses you.
You barely miss the orc priest.
The orc wizard hits you but does no damage.
The orc priest mumbles some strange prayers to Beogh against you.
Beogh smites you!
You die...

#.#######################.##
#......#...................#
#..###.#.###################
...))........>..
#()#.....####### #..#.#...#
#..#.....##############.
...#...R.......oo.......
##.###.#######.o@.......
...#.........#.########.
#######........#
......'........#
#######........# #........#
#######........#######
.......#######........
.......# #########


You could see 2 orc priests and an orc wizard.

Vanquished Creatures
  Sigmund (D:2)
  A howler monkey (D:4)
  Crazy Yiuf (D:3)
  2 adders
  An ooze (D:3)
  4 worms
  A dart slug (D:2)
  A leopard gecko (D:2)
  7 orcs
  5 goblins
  10 hobgoblins
  7 jackals
  6 kobolds
  3 quokkas
  9 bats
  8 frilled lizards
  3 rats
70 creatures vanquished.

Vanquished Creatures (collateral kills)
  An ogre (D:4)
  A leopard gecko (D:4)
  An orc (D:4)
3 creatures vanquished.

Vanquished Creatures (others)
  An ancestor (D:4)
1 creature vanquished.

Grand Total: 74 creatures vanquished

Notes
Turn   | Place    | Note
-------+----------+-------------------------------------------
     0 | D:1      | Rediskos the Gargoyle Fighter began the quest for the Orb.
     0 | D:1      | Reached XP level 1. HP: 14/14 MP: 1/1
   233 | D:1      | Reached XP level 2. HP: 19/19 MP: 2/2
   955 | D:2      | Noticed Sigmund
   979 | D:2      | Killed Sigmund
   979 | D:2      | Reached XP level 3. HP: 9/24 MP: 3/3
   979 | D:2      | Reached XP level 4. HP: 11/29 MP: 4/4
   979 | D:2      | Reached XP level 5. HP: 12/33 MP: 5/5
  1932 | D:3      | Reached XP level 6. HP: 39/39 MP: 6/6
  2004 | D:3      | Found an opulent altar of Gozag.
  2102 | D:3      | Found a glowing golden altar of the Shining One.
  2141 | D:3      | Found a sacrificial altar of Ru.
  2143 | D:3      | Found a hazy altar of Hepliaklqana.
  2143 | D:3      | Found a shattered altar of Ashenzari.
  2143 | D:3      | Found a shadowy altar of Dithmenos.
  2144 | D:3      | Found a radiant altar of Vehumet.
  2148 | D:3      | Found a white marble altar of Elyvilon.
  2164 | D:3      | Became a worshipper of Hepliaklqana the Forgotten
  2280 | D:3      | Found a runed door.
  2639 | D:3      | Noticed Crazy Yiuf
  2653 | D:3      | Killed Crazy Yiuf
  2995 | D:4      | Reached * piety under Hepliaklqana
  3292 | D:4      | Killed from afar by an orc priest

Skill      XL: |  1  2  3  4  5 |
---------------+----------------+-----
Fighting       | 4 |  4.7
Maces & Flails | 3 4 |  4.7
Armour         | 4 |  4.7
Shields        | 4 |  4.7

Action                   |  1- 3 |  4- 6 || total
-------------------------+-------+-------++-------
Melee: Flail             |    60 |   234 ||   294
Invok: Recall Ancestor   |       |     1 ||     1
       Ancestor Identity |       |     1 ||     1
  Use: Potion            |       |     3 ||     3
  Eat: Chunk             |       |     8 ||     8
Armor: Scale mail        |    40 |   102 ||   142
Dodge: Dodged            |    29 |    75 ||   104
Block: Shield            |    33 |   113 ||   146
